 Dungeon Crawl Stone Soup version 0.29-a0-923-g6e406bff71 (webtiles) character file.

Game seed: 2143700567924745735

293731 Strat the Warrior (level 20, -19/171 (174) HPs)
             Began as a Demonspawn Monk on June 10, 2022.
             Was the Champion of Makhleb.
             Killed from afar by an ancient lich (85 damage)
             ... with a crystal spear
             ... on level 1 of the Vaults on July 27, 2022.
             The game lasted 02:11:09 (47409 turns).

Strat the Warrior (Demonspawn Monk)                Turns: 47409, Time: 02:11:10

HP:   -19/171 (174) AC: 48    Str: 24    XL:     20   Next: 2%
MP:   41/41         EV: 10    Int: 17    God:    Makhleb [******]
Gold: 4883          SH: 22    Dex: 15    Spells: 17/19 levels left

rFire   . . .      SeeInvis .   b - +9 demon blade (vamp)
rCold   + . .      Faith    .   R - +0 kite shield {reflect}
rNeg    . . .      Spirit   .   A - +8 orange crystal plate armour {Archmagi, Int+3 Clar}
rPois   .          Reflect  +   z - +2 helmet
rElec   .          Harm     .   (cloak unavailable)
rCorr   .          Rampage  .   C - +2 pair of gloves {Str+3}
Will    +....      Archmagi +   N - +2 pair of boots
Stlth   .......... Clarity  +   j - amulet of reflection
HPRegen 0.38/turn               F - ring "Mocor" {MP+9 Str+2 Slay+4 Stlth+}
MPRegen 0.27/turn               I - +4 ring of evasion

@: marked, corroded, lightly drained
A: icy blue scales 3, foul stench 3, icemail 2, condensation shield, weakness
stinger 3
}: 2/15 runes: barnacled, gossamer
a: Renounce Religion, Minor Destruction, Lesser Servant of Makhleb, Major
Destruction, Greater Servant of Makhleb


You were on level 1 of the Vaults.
You worshipped Makhleb.
Makhleb was exalted by your worship.
You visited 7 branches of the dungeon, and saw 33 of its levels.
You visited the Abyss 1 time.
You also visited: Sewer, Bailey, Gauntlet and Ice Cave.

You collected 5262 gold pieces.
You spent 379 gold pieces at shops.

Inventory:

Hand Weapons
 a - a +4 scimitar of flaming
 b - a +9 vampiric demon blade (weapon)
Missiles
 l - 51 poisoned darts (quivered)
 x - 15 atropa-tipped darts
 L - 9 boomerangs of dispersal
 U - 17 javelins
 V - 8 throwing nets
 Z - 8 silver javelins
Armour
 z - a +2 helmet (worn)
 A - the +8 orange crystal plate armour (worn) {Archmagi, Int+3 Clar}
   (You took it off an orc warrior in a bailey)

   Int:       It affects your intelligence (+3).
   Clar:      It protects you against confusion.
 C - a +2 pair of gloves of strength (worn)
 N - a +2 pair of boots (worn)
 R - a +0 kite shield of reflection (worn)
Jewellery
 j - an amulet of reflection (around neck)
 B - a ring of see invisible
 F - the ring "Mocor" (left hand) {MP+9 Str+2 Slay+4 Stlth+}
   (You took it off an orc warrior in a bailey)

   [ring of magical power]

   Str:       It affects your strength (+2).
   Slay:      It affects your accuracy & damage with ranged weapons and melee
   (+4).
   MP:        It affects your magic capacity (+9).
   Stlth:     It makes you more stealthy.
 G - a ring of willpower
 I - a +4 ring of evasion (right hand)
 K - a ring of protection from cold
Wands
 o - a wand of digging (6)
 r - a wand of polymorph (5)
 v - a wand of flame (50)
 w - a wand of mindburst (8)
 H - a wand of iceblast (4)
 J - a wand of charming (11)
 X - a wand of acid (3)
Scrolls
 d - 3 scrolls of fog
 i - a scroll of enchant armour
 s - 5 scrolls of brand weapon
 t - 2 scrolls of summoning
 y - 8 scrolls of teleportation
 M - a scroll of enchant weapon
 O - 18 scrolls of identify
 T - 4 scrolls of amnesia
 W - a scroll of poison
 Y - a scroll of blinking
Potions
 c - 9 potions of ambrosia
 e - 4 potions of mutation
 f - 4 potions of curing
 g - a potion of cancellation
 h - 5 potions of resistance
 k - 5 potions of magic
 m - 2 potions of might
 p - 6 potions of brilliance
 q - 5 potions of flight
 D - 5 potions of lignification
 E - 4 potions of heal wounds
 P - 2 potions of berserk rage
 Q - 4 potions of haste
Miscellaneous
 u - a condenser vane


   Skills:
 + Level 19.1 Fighting
 - Level 14.0 Long Blades
 - Level 16.8 Armour
 - Level 2.6 Dodging
 - Level 3.0 Stealth
 - Level 13.7 Shields
 + Level 17.4 Invocations
 - Level 10.0 Evocations


You had 17 spell levels left.
You knew the following spells:

 Your Spells              Type           Power      Damage    Failure   Level
a - Blink                 Tloc           0%         N/A       100%        2

Your spell library contained the following spells:

 Spells                   Type           Power      Damage    Failure   Level
 Beastly Appendage        Tmut           0%         N/A       100%        1
 Magic Dart               Conj           0%         1d3       100%        1
 Sandblast                Erth           0%         2d4       100%        1
 Shock                    Conj/Air       0%         1d3       100%        1
 Ensorcelled Hibernation  Hex/Ice        0%         N/A       100%        2
 Passwall                 Tmut/Erth      0%         N/A       100%        2
 Searing Ray              Conj           0%         2d4       100%        2
 Static Discharge         Conj/Air       0%         3-3/arc   100%        2
 Wereblood                Tmut           0%         N/A       100%        2
 Call Canine Familiar     Summ           0%         N/A       100%        3
 Confusing Touch          Hex            0%         N/A       100%        3
 Conjure Flame            Conj/Fire      0%         6-21      100%        3
 Ignite Poison            Fire/Tmut/Pois 0%         N/A       100%        3
 Lesser Beckoning         Tloc           0%         N/A       100%        3
 Mephitic Cloud           Conj/Pois/Air  0%         N/A       100%        3
 Portal Projectile        Hex/Tloc       0%         N/A       100%        3
 Spider Form              Tmut/Pois      0%         N/A       100%        3
 Stone Arrow              Conj/Erth      0%         3d7       100%        3
 Swiftness                Air            0%         N/A       100%        3
 Tukima's Dance           Hex            0%         N/A       100%        3
 Anguish                  Hex/Necr       0%         N/A       100%        4
 Animate Dead             Necr           0%         N/A       100%        4
 Corpse Rot               Necr/Pois/Air  0%         N/A       100%        4
 Dispel Undead            Necr           0%         3d6       100%        4
 Fulminant Prism          Conj/Hex       0%         3d6       100%        4
 Hailstorm                Conj/Ice       0%         3d3       100%        4
 Ice Form                 Ice/Tmut       0%         N/A       100%        4
 Leda's Liquefaction      Hex/Erth       0%         N/A       100%        4
 Olgreb's Toxic Radiance  Pois           0%         N/A       100%        4
 Passage of Golubria      Tloc           0%         N/A       100%        4
 Sticky Flame             Conj/Fire      0%         2d3       100%        4
 Freezing Cloud           Conj/Ice/Air   0%         6-21      100%        5
 Lee's Rapid Deconstruct  Erth           0%         3d5*      100%        5
 Manifold Assault         Tloc           0%         N/A       100%        5
 Silence                  Hex/Air        0%         N/A       100%        5
 Yara's Violent Unravell  Hex/Tmut       0%         3d3       100%        5
 Death Channel            Necr           0%         N/A       100%        6
 Simulacrum               Ice/Necr       0%         N/A       100%        6
 Statue Form              Tmut/Erth      0%         N/A       100%        6
 Enfeeble                 Hex            0%         N/A       100%        7
 Haunt                    Necr/Summ      0%         N/A       100%        7
 Ozocubu's Refrigeration  Ice            0%         4d5       100%        7
 Storm Form               Tmut/Air       0%         N/A       100%        7
 Ignition                 Fire           0%         3d3       100%        8
 Infestation              Necr           0%         N/A       100%        8
 Lehudib's Crystal Spear  Conj/Erth      0%         10d2      100%        8
 Chain Lightning          Conj/Air       0%         N/A       100%        9
 Fire Storm               Conj/Fire      0%         5d1       100%        9
 Shatter                  Erth           0%         3d5*      100%        9


Dungeon Overview and Level Annotations

Branches:
Dungeon (15/15)            Temple (1/1) D:4            Lair (6/6) D:9
 Shoals (4/4) Lair:2       Spider (4/4) Lair:4        Slime (0/5) Lair:5
    Orc (2/2) D:11            Elf (0/3) Orc:2        Vaults (1/5) D:14
 Depths (0/4) D:15          Sewer (visited)          Bailey (visited)
  IceCv (visited)         Gauntlet (visited)

Altars:
Ashenzari
Cheibriados
Dithmenos
Fedhas
Gozag
Hepliaklqana
Kikubaaqudgha
Makhleb
Nemelex Xobeh
Okawaru
Qazlal
Ru
Sif Muna
Trog
Uskayaw
Vehumet
Wu Jian
Xom
Yredelemnul

Shops:
D:1 (   D:7 ?   Orc:2 (=(!

Annotations:
D:3 Sigmund
D:13 1 runed translucent door
D:15 3 runed translucent doors, Jais Joink's ghost, adept FoFi
Shoals:2 exclusion: 2 oklob plants
Shoals:4 3 runed translucent doors


Innate Abilities, Weirdness & Mutations

You are completely covered in icy blue scales. (AC +4, rC+)
You frequently emit foul miasma when damaged in melee.
A meltable icy envelope protects you from harm. (AC +8)
A meltable shield of frost defends you. (SH +4)
You have a sharp stinger which inflicts weakening toxins.


Message History

Deactivating autopickup; reactivate with Ctrl-A.
The vault sentinel gestures at you while chanting.
The mark upon you grows brighter.
You hit the vault sentinel.
The vault sentinel is severely wounded.
You hit the vault sentinel but do no damage.
The vault sentinel is severely wounded.
You slash something!
Your tail-slap misses something.
A deep troll comes into view.
You slice something!! You tail-slap something. You slice something!!
Something touches you but does no damage.
You barely miss something. Something touches you!
* * * LOW HITPOINT WARNING * * *
You miss something.
Something touches you but does no damage.
You closely miss something.
Your tail-slap misses something.
The vault sentinel is no longer weakened.
You hit something but do no damage.
Your tail-slap misses something.
Something touches you but does no damage.
The vault sentinel blows a loud note on a signal horn!
You slash something! You block something's attack.
You hit something but do no damage. You barely miss something.
Your tail-slap misses something.
Something touches you but does no damage.
The vault sentinel blows a loud note on a signal horn!
You barely miss something. You block something's attack.
You hit something. You hit something but do no damage. Something touches you!
* * * LOW HITPOINT WARNING * * *
You closely miss something.
Your tail-slap misses something.
Something touches you!
* * * LOW HITPOINT WARNING * * *
You feel drained.
* * * LOW HITPOINT WARNING * * *
You hit something.
You hear some strange, mumbled words.
A crystal spear appears from out of thin air!
The crystal spear hits you!!!!
You die...

.............# #........
.............# ... #........
.............# +#..# #........
.............# ....+ #........
....^######### #...# #........
.....####.#### +...# #......##
.....#.##.##.# #... #......#.
.....'..#.#..#####.# #......#.
#######รท....##..@{p# #......#.
.....###...#######T# #......#.
.....##.....##...#[# #......#.
.....'..#.#..'.O)))# #......#.
.....#.##.##.#..p#.+....#......#+
.....####.####...#.#....#......).
.....####################........
.....#...........................
.....#..........................)


You could see a deep troll and a vault sentinel.

Vanquished Creatures
  Asterion (Spider:3)
  Jorgrun (D:15)
  Polyphemus (Shoals:2)
  A tentacled starspawn (Abyss:2)
  The ghost of jimonade the Blocker, an adept GnFi of Okawaru (Shoals:2)
  Donald (Shoals:2)
  A fenstrider witch (Shoals:3)
  2 vault wardens (Vaults:1)
  6 emperor scorpions
  2 orc warlords
  3 ghost moths
  6 broodmothers
  A reaper (IceCv)
  3 ironbound thunderhulks (Vaults:1)
  5 ironbound preservers (Vaults:1)
  8 entropy weavers
  4 spark wasps
  A dire elephant (Lair:6)
  A minotaur (Gauntlet)
  The ghost of om the Executioner, a journeyman MiFi of Gozag (Orc:1)
  An ettin (D:15)
  6 merfolk javelineers
  2 yaktaur captains (Vaults:1)
  A fire dragon (Lair:6)
  Fannar (D:10)
  6 merfolk impalers
  A vault guard (Vaults:1)
  6 hydras
  Harold (D:10)
  5 boulder beetles
  3 great orbs of eyes (Vaults:1)
  A rakshasa (D:15)
  A spriggan skeleton (Abyss:2)
  2 catoblepae
  2 merfolk avatars
  2 ironbound frosthearts (Vaults:1)
  A jorogumo (Spider:4)
  12 centaur warriors
  3 radroaches (Spider:4)
  2 satyrs
  3 merfolk aquamancers
  4 two-headed ogres
  3 tengu warriors
  18 death yaks
  An alligator snapping turtle (Shoals:4)
  An alligator (shapeshifter) (Vaults:1)
  4 orc high priests (Orc:2)
  Urug (D:10)
  A hell knight (D:15)
  Sonja (D:11)
  A sixfirhy (Abyss:2)
  Amaemon (Lair:3)
  Nergalle (D:10)
  2 sun moths
  A glowing orange brain (Abyss:2)
  6 pharaoh ants
  11 sea snakes
  9 orb spiders
  14 deep trolls
  5 lindwurms
  7 steelbarb worms
  2 wizards
  3 ironbound convokers (Vaults:1)
  13 harpies
  9 orc knights
  7 orc sorcerers
  15 wolf spiders
  9 ugly things (D:15)
  A mana viper (shapeshifter) (Abyss:2)
  10 manticores
  11 fauns
  3 deep elf pyromancers
  7 moths of wrath
  A worldbinder (Abyss:2)
  6 cyclopes
  2 centaur zombies (D:12)
  7 elephants
  7 black mambas
  An apocalypse crab (Abyss:2)
  A rust devil (Abyss:2)
  2 vault sentinels (Vaults:1)
  8 torpor snails
  13 merfolk sirens
  An orange demon (Lair:3)
  4 water nymphs (Shoals:4)
  A gargoyle (D:12)
  2 ice statues (IceCv)
  17 cane toads
  Psyche (D:8)
  An unseen horror (shapeshifter) (D:14)
  A rime drake (Lair:3)
  4 efreet
  10 komodo dragons
  7 demonic crawlers
  An ancient zyme (Abyss:2)
  7 yaktaurs (Vaults:1)
  3 ice devils (IceCv)
  A tengu conjurer (D:15)
  2 queen bees (Gauntlet)
  9 wind drakes
  5 polar bears
  11 trolls
  38 merfolk
  A hornet (shapeshifter) (D:15)
  6 meliai
  24 tarantellas
  9 hornets
  4 tyrant leeches (Lair:6)
  2 meliai zombies (D:12)
  7 raiju (Abyss:2)
  20 slime creatures
  19 blink frogs
  11 dream sheep
  15 snapping turtles
  14 culicivoras
  19 jumping spiders
  A dire elephant simulacrum (IceCv)
  2 shadows
  42 yaks
  15 water elementals
  6 wyverns
  8 basilisks
  4 wraiths
  Grum (D:11)
  44 redbacks
  11 vampire mosquitoes
  2 steam dragons
  Menkaure (D:4)
  A death yak simulacrum (IceCv)
  2 harpy simulacra
  4 wargs
  A spectral troll (Orc:1)
  2 acid dragons (D:12)
  12 water moccasins
  5 large abominations (Abyss:2)
  A sky beast (D:5)
  62 orc warriors
  13 ogres
  2 black bears (Lair:1)
  18 wolves
  9 centaurs
  2 phantoms
  4 kobold brigands
  16 bullfrogs
  3 two-headed ogre simulacra (IceCv)
  7 scorpions
  6 necrophages
  4 small abominations (Abyss:2)
  2 wights (D:12)
  A spectral ogre (Orc:1)
  A troll zombie (D:11)
  5 jellies
  12 killer bees
  An elephant simulacrum (IceCv)
  3 howler monkeys (D:10)
  2 electric eels
  7 hounds
  A gnoll bouda (D:6)
  38 orc priests
  A cyclops simulacrum (Orc:1)
  5 iguanas
  8 hell rats
  30 orc wizards
  A troll simulacrum (IceCv)
  3 polar bear simulacra (IceCv)
  3 spriggan simulacra (IceCv)
  2 wolf simulacra (IceCv)
  7 ogre zombies (D:11)
  2 mummies
  7 gnolls
  6 adders
  3 naga simulacra (IceCv)
  2 ogre simulacra (Orc:1)
  6 river rats
  A shadow imp (D:5)
  3 white imps
  4 ufetubi
  An orc simulacrum (Orc:1)
  A worm (D:2)
  A dart slug (D:1)
  152 orcs
  3 endoplasms
  6 giant cockroaches
  12 goblins
  9 hobgoblins
  12 jackals
  23 kobolds
  4 quokkas
  15 ball pythons
  11 bats
  10 frilled lizards
  3 goblin zombies (D:11)
  4 hobgoblin skeletons (D:11)
  2 hobgoblin zombies (D:11)
  An orc skeleton (D:11)
  15 orc zombies (D:11)
  8 rats
1390 creatures vanquished.

Vanquished Creatures (collateral kills)
  A dire elephant (Lair:6)
  A merfolk javelineer (Shoals:4)
  2 merfolk aquamancers (Shoals:4)
  2 death yaks
  A manticore (Shoals:4)
  A merfolk siren (Shoals:4)
  A water elemental (Shoals:4)
  5 yaks (D:9)
  A warg simulacrum (Orc:1)
  An orc (D:11)
16 creatures vanquished.

Vanquished Creatures (others)
  A centaur zombie (D:12)
  A culicivora (Spider:1)
  2 bushes (Shoals:3)
  64 fungi
  246 plants
  2 starspawn tentacles (Abyss:2)
  2 withered plants (D:12)
318 creatures vanquished.

Grand Total: 1724 creatures vanquished

Notes
Turn   | Place    | Note
-------+----------+-------------------------------------------
     0 | D:1      | Strat the Demonspawn Monk began the quest for the Orb.
     0 | D:1      | Reached XP level 1. HP: 18/18 MP: 1/1
     0 | D:1      | Noticed an ogre
     0 | D:1      | Noticed a troll
     1 | D:1      | Noticed a naga
     4 | D:1      | Noticed a dwarf
     4 | D:1      | Noticed an elf
     6 | D:1      | Noticed a demigod
     7 | D:1      | Noticed a gargoyle
     9 | D:1      | Noticed a tengu
    13 | D:1      | Noticed an octopode
    15 | D:1      | Noticed a demigod
    15 | D:1      | Noticed an octopode
    15 | D:1      | Noticed an ogre
    17 | D:1      | Noticed a barachi
    17 | D:1      | Noticed a tengu
    19 | D:1      | Noticed an ogre
   295 | D:1      | Gained mutation: A meltable shield of frost defends you.
                  | (SH +4) [demonic ancestry]
   295 | D:1      | Reached XP level 2. HP: 22/24 MP: 2/2
   521 | D:1      | Found Bitt's Weapon Shop.
   840 | D:2      | Gained mutation: You are partially covered in icy blue
                  | scales. (AC +2) [demonic ancestry]
   840 | D:2      | Reached XP level 3. HP: 21/29 MP: 3/3
  1967 | D:1      | You fall into a shaft and drop 1 floor!
  2160 | D:3      | Found a faded altar of an unknown god.
  2165 | D:3      | Noticed an ogre
  2360 | D:3      | Gained mutation: You have a small tail. [demonic ancestry]
  2360 | D:3      | Reached XP level 4. HP: 22/35 MP: 4/4
  2384 | D:3      | Found a glowing drain.
  2433 | Sewer    | Entered a sewer
  2489 | Sewer    | Noticed a kobold brigand
  2510 | Sewer    | Killed a kobold brigand
  2511 | Sewer    | Gained mutation: You have a tail ending in a sharp stinger.
                  | [demonic ancestry]
  2511 | Sewer    | Reached XP level 5. HP: 29/41 MP: 5/5
  2747 | Sewer    | Reached skill level 5 in Long Blades
  2915 | Sewer    | Reached skill level 1 in Armour
  3140 | Sewer    | Gained mutation: You are mostly covered in icy blue scales.
                  | (AC +3) [demonic ancestry]
  3140 | Sewer    | Reached XP level 6. HP: 47/47 MP: 6/6
  3583 | D:3      | Identified the +1 leather armour of Morality {rElec rF+
                  | MP-9 Str+5}
  4139 | D:4      | Noticed Sigmund
  4393 | D:4      | Reached skill level 4 in Fighting
  4397 | D:4      | Found a staircase to the Ecumenical Temple.
  4408 | Temple   | Entered the Ecumenical Temple
  4506 | Temple   | Became a worshipper of Makhleb the Destroyer
  4506 | Temple   | Reached * piety under Makhleb
  4506 | Temple   | Reached ** piety under Makhleb
  5064 | D:4      | Noticed Menkaure
  5082 | D:4      | Killed Menkaure
  5083 | D:4      | Reached XP level 7. HP: 21/54 MP: 7/7
  5424 | D:4      | Found a snail-covered altar of Cheibriados.
  5677 | D:5      | Entered Level 5 of the Dungeon
  6237 | D:5      | Gained mutation: You are completely covered in icy blue
                  | scales. (AC +4, rC+) [demonic ancestry]
  6237 | D:5      | Reached XP level 8. HP: 43/60 MP: 8/8
  7214 | D:6      | Reached skill level 5 in Armour
  7258 | D:6      | Reached skill level 1 in Invocations
  8048 | D:7      | Noticed a troll
  8480 | D:7      | Found Waegex's Magic Scroll Boutique.
  8495 | D:7      | Bought a scroll of poison for 49 gold pieces
  8495 | D:7      | Bought a scroll of teleportation for 42 gold pieces
  8584 | D:7      | Killed a troll
  8585 | D:7      | Reached skill level 5 in Invocations
  8585 | D:7      | Gained mutation: You may rarely emit foul miasma when
                  | damaged in melee. [demonic ancestry]
  8585 | D:7      | Reached XP level 9. HP: 59/65 MP: 12/12
 10036 | D:8      | Reached *** piety under Makhleb
 10329 | D:8      | Noticed Psyche
 10498 | D:7      | Reached skill level 10 in Long Blades
 11031 | D:9      | Found a flagged portal.
 11034 | Bailey   | Entered a bailey
 11472 | Bailey   | Noticed an orc knight
 11676 | Bailey   | Identified the ring "Mocor" {MP+9 Str+2 Slay+4 Stlth+}
 12088 | D:9      | Gained mutation: A meltable icy envelope protects you from
                  | harm. (AC +8) [demonic ancestry]
 12088 | D:9      | Reached XP level 10. HP: 66/71 MP: 14/14
 12093 | D:9      | Reached **** piety under Makhleb
 12105 | D:9      | Noticed a seven-headed hydra
 12118 | D:9      | Killed a one-headed hydra
 12268 | D:9      | Noticed a death yak
 12401 | D:9      | Noticed a death yak
 12510 | D:9      | Found a staircase to the Lair.
 12649 | D:9      | Noticed a death yak
 12660 | D:9      | Killed a death yak
 12820 | D:8      | Killed Psyche
 12870 | D:9      | Learned a level 2 spell: Blink
 13040 | D:9      | Killed a death yak
 13125 | D:9      | Reached XP level 11. HP: 77/77 MP: 15/15
 13447 | D:9      | Killed a death yak
 13596 | D:10     | Entered Level 10 of the Dungeon
 13598 | D:10     | Noticed Nergalle
 13611 | D:10     | Noticed Harold
 13835 | Lair:1   | Entered Level 1 of the Lair of Beasts
 13988 | Lair:1   | Reached skill level 5 in Fighting
 14122 | Lair:1   | Reached ***** piety under Makhleb
 14227 | Lair:1   | Reached skill level 6 in Fighting
 14840 | Lair:2   | You fall into a shaft and drop 1 floor!
 15219 | Lair:2   | Noticed a five-headed hydra
 15448 | Lair:2   | Killed a one-headed hydra
 15449 | Lair:2   | Reached skill level 7 in Fighting
 15449 | Lair:2   | Gained mutation: You have a sharp stinger which inflicts
                  | weakening toxins. [demonic ancestry]
 15449 | Lair:2   | Reached XP level 12. HP: 91/91 MP: 19/19
 15503 | Lair:2   | Reached skill level 10 in Invocations
 15634 | Lair:2   | Found a staircase to the Shoals.
 15737 | Lair:3   | Noticed a boulder beetle
 15911 | Lair:3   | Noticed a four-headed hydra
 15935 | Lair:3   | Killed a one-headed hydra
 16022 | Lair:3   | Reached skill level 8 in Fighting
 16101 | Lair:3   | Noticed Amaemon
 16119 | Lair:3   | Killed Amaemon
 16518 | Lair:3   | Killed a boulder beetle
 16775 | Lair:4   | Reached skill level 9 in Fighting
 16966 | Lair:4   | Noticed a boulder beetle
 16991 | Lair:4   | Killed a boulder beetle
 17056 | Lair:4   | Noticed an eight-headed hydra
 17077 | Lair:4   | Killed a three-headed hydra
 17078 | Lair:4   | Reached skill level 10 in Fighting
 17119 | Lair:4   | Found a hole to the Spider Nest.
 17222 | Lair:4   | Reached skill level 10 in Armour
 17363 | Lair:4   | Gained mutation: You sometimes emit foul miasma when
                  | damaged in melee. [demonic ancestry]
 17363 | Lair:4   | Reached XP level 13. HP: 103/103 MP: 20/20
 18254 | Lair:5   | Found a staircase to the Slime Pits.
 18599 | Lair:5   | Reached skill level 15 in Invocations
 18956 | Lair:5   | Reached ****** piety under Makhleb
 19783 | Lair:6   | Entered Level 6 of the Lair of Beasts
 20315 | Lair:6   | Noticed a dire elephant
 20335 | Lair:6   | Reached skill level 11 in Fighting
 20355 | Lair:6   | Reached XP level 14. HP: 113/113 MP: 26/26
 20783 | Lair:6   | Reached skill level 12 in Fighting
 21402 | Lair:6   | Found a runed translucent door.
 21598 | Lair:6   | Reached skill level 13 in Fighting
 22478 | Lair:6   | Identified the +0 ring mail "Rorist" {MP+9}
 22766 | D:10     | Killed Nergalle
 22817 | D:10     | Noticed Urug
 22843 | D:10     | Killed Urug
 22897 | D:10     | Noticed Fannar
 23104 | D:9      | Reached skill level 14 in Fighting
 23145 | D:10     | Killed Fannar
 23326 | D:10     | Killed Harold
 23857 | D:11     | Found a gate leading to a gauntlet.
 23866 | Gauntlet | Entered a Gauntlet
 23866 | Gauntlet | Found a transporter.
 23885 | Gauntlet | Found a transporter.
 23886 | Gauntlet | Found a runed translucent door.
 23890 | Gauntlet | Found a transporter.
 23918 | Gauntlet | Found a transporter.
 23920 | Gauntlet | Found a runed translucent door.
 23927 | Gauntlet | Found a transporter.
 23927 | Gauntlet | Found a transporter.
 23927 | Gauntlet | Found a transporter.
 23947 | Gauntlet | Noticed a quicksilver ooze
 23950 | Gauntlet | Found a runed translucent gate.
 23950 | Gauntlet | Found a runed translucent gate.
 23950 | Gauntlet | Found a runed translucent gate.
 23974 | Gauntlet | Found a transporter.
 24005 | Gauntlet | Identified the ring of Lisylluesa {Ice rCorr}
 24225 | Gauntlet | Identified the +3 leather armour of the Unstoppable Runes
                  | {Will- Int+3 Dex+3}
 24377 | D:11     | Found a frozen archway.
 24384 | IceCv    | Entered an ice cave
 24444 | IceCv    | Reached skill level 15 in Fighting
 25046 | IceCv    | Noticed a reaper
 25076 | IceCv    | Killed a reaper
 25512 | D:11     | Found a staircase to the Orcish Mines.
 25528 | D:11     | Noticed Grum
 25555 | D:11     | Killed Grum
 25663 | D:11     | Noticed Sonja
 25669 | D:11     | Killed Sonja
 26047 | D:11     | Found a bloodstained altar of Trog.
 26138 | Orc:1    | Entered Level 1 of the Orcish Mines
 26528 | D:11     | Gained mutation: A meltable icy envelope protects you from
                  | harm. (AC +8) [demonic ancestry]
 26528 | D:11     | Reached XP level 15. HP: 129/130 MP: 27/27
 26574 | Orc:1    | Noticed an orc warlord
 26644 | D:11     | Killed an orc warlord
 26799 | Orc:1    | Reached skill level 16 in Fighting
 26898 | Orc:1    | Found a radiant altar of Vehumet.
 26992 | Orc:1    | Found a runed translucent gate.
 26992 | Orc:1    | Found a runed translucent gate.
 26992 | Orc:1    | Found a runed translucent gate.
 26993 | Orc:1    | Noticed om's ghost (journeyman MiFi)
 27051 | Orc:1    | Killed om's ghost
 27235 | Orc:1    | Found a runed translucent door.
 27888 | Orc:2    | Entered Level 2 of the Orcish Mines
 28062 | Orc:2    | Paralysed by an orc sorcerer for 3 turns
 28359 | Orc:2    | Found Pierip's Antique Weapon Boutique.
 28456 | Orc:2    | Found Bymorr's Jewellery Shop.
 28952 | Orc:2    | Reached skill level 17 in Fighting
 29061 | Orc:2    | Found a staircase to the Elven Halls.
 29147 | Orc:2    | Noticed an orc warlord
 29216 | Orc:2    | Killed an orc warlord
 29673 | Orc:2    | Found Duwuj's Antique Weapon Shop.
 29729 | Orc:2    | Found Kiucat's Distillery.
 29849 | Orc:2    | Bought a potion of heal wounds for 80 gold pieces
 29849 | Orc:2    | Bought a potion of heal wounds for 80 gold pieces
 29849 | Orc:2    | Bought a potion of heal wounds for 80 gold pieces
 29849 | Orc:2    | Bought a potion of curing for 48 gold pieces
 30475 | Orc:2    | Upgraded the game from 0.29-a0-559-g359e09b9d1 to
                  | 0.29-a0-919-gd064cfad1c
 31142 | D:12     | Reached skill level 1 in Shields
 31792 | D:13     | Identified a scroll of acquirement
 31792 | D:13     | Acquired a manual of Armour
 31910 | D:13     | Found a runed translucent door.
 32293 | D:14     | Found an iron altar of Okawaru.
 32582 | D:14     | Identified the +2 robe of Shadows and Fog {rPois rN+}
 32673 | D:14     | Reached skill level 5 in Shields
 32693 | Abyss:2  | Cast into level 2 of the Abyss (a wizard)
 32908 | Abyss:2  | Reached XP level 16. HP: 99/143 MP: 28/28
 33151 | Abyss:2  | Noticed a tentacled starspawn
 33173 | Abyss:2  | Killed a tentacled starspawn
 33190 | D:14     | Escaped the Abyss
 33241 | D:14     | Found a gate to the Vaults.
 33605 | D:15     | Entered Level 15 of the Dungeon
 34160 | D:15     | Found a staircase to the Depths.
 34194 | D:15     | Found a runed translucent gate.
 34194 | D:15     | Found a runed translucent gate.
 34194 | D:15     | Found a runed translucent gate.
 34195 | D:15     | Noticed Jais Joink's ghost (adept FoFi)
 34200 | D:15     | Identified the +12 quarterstaff of Benevolence {flame,
                  | Str+3 Int+4}
 34200 | D:15     | Noticed Jorgrun
 34678 | D:15     | Reached skill level 15 in Armour
 34705 | D:15     | Upgraded the game from 0.29-a0-919-gd064cfad1c to
                  | 0.29-a0-923-g6e406bff71
 34756 | D:15     | Killed Jorgrun
 34784 | D:15     | Identified the +3 mace of Jotwod {freeze, Dex+5}
 35166 | Spider:1 | Entered Level 1 of the Spider Nest
 35359 | Spider:1 | Identified the +1 plate armour "Jyzuytib" {rElec rF+ Int-5
                  | Slay+3}
 36944 | Spider:1 | Reached skill level 1 in Evocations
 37194 | Spider:2 | Reached skill level 18 in Fighting
 37249 | Spider:2 | Reached XP level 17. HP: 116/149 MP: 29/29
 37823 | Spider:2 | Identified the +1 scale mail "Vijeuw" {-Cast Rampage Regen+
                  | Int-2 SInv}
 38280 | Spider:3 | Noticed Asterion
 38287 | Spider:3 | Reached XP level 18. HP: 147/157 MP: 30/30
 38323 | Spider:3 | HP: 2/157 [Asterion/bolt of lightning (21)]
 38327 | Spider:3 | Killed Asterion
 38752 | Spider:3 | Reached skill level 5 in Evocations
 39621 | Spider:4 | Entered Level 4 of the Spider Nest
 40300 | Spider:4 | Identified the +0 pair of gloves of Ebroim {Dex+2}
 40302 | Spider:4 | Got a gossamer rune of Zot
 41100 | Shoals:1 | Entered Level 1 of the Shoals
 42126 | Shoals:2 | Noticed Donald
 42144 | Shoals:2 | Killed Donald
 42491 | Shoals:2 | Noticed Polyphemus
 42497 | Shoals:2 | Reached skill level 10 in Shields
 42530 | Shoals:2 | Killed Polyphemus
 42875 | Shoals:2 | Found a runed translucent door.
 42903 | Shoals:2 | Noticed jimonade's ghost (adept GnFi)
 42952 | Shoals:2 | Killed jimonade's ghost
 43077 | Shoals:2 | Reached skill level 10 in Evocations
 43077 | Shoals:2 | Reached XP level 19. HP: 164/164 MP: 31/31
 43317 | Shoals:3 | Acquired 1050 gold pieces
 43639 | Shoals:3 | Paralysed by a fenstrider witch for 3 turns
 44150 | Shoals:4 | Entered Level 4 of the Shoals
 44200 | Shoals:4 | Identified the +3 chain mail of Music {rC+ Str+4 Stlth+}
 44383 | Shoals:4 | Found a runed translucent gate.
 44384 | Shoals:4 | Found a runed translucent gate.
 44385 | Shoals:4 | Found a runed translucent gate.
 45024 | Shoals:4 | Identified the +4 sling of Seddoif {freeze, Fragile rElec
                  | rPois Str+3}
 45135 | Shoals:4 | Got a barnacled rune of Zot
 45886 | Shoals:4 | Acquired 795 gold pieces
 46176 | Vaults:1 | Entered Level 1 of the Vaults
 46189 | Vaults:1 | Paralysed by a great orb of eyes for 2 turns
 46208 | Vaults:1 | Got Egenkeel's Lessons on the Breezy Inferno
 46739 | Vaults:1 | Noticed an ancient lich
 46988 | Vaults:1 | Reached skill level 19 in Fighting
 47360 | Vaults:1 | Paralysed by a great orb of eyes for 5 turns
 47367 | Vaults:1 | Gained mutation: You frequently emit foul miasma when
                  | damaged in melee. [demonic ancestry]
 47367 | Vaults:1 | Reached XP level 20. HP: 91/174 MP: 32/32
 47409 | Vaults:1 | Killed from afar by an ancient lich

Illustrated notes

Levels and vault maps discovered:
D:1:      shiori_arrival_whats_in_store_for_you, layout_loops_ring,
          serial_shops, shop
D:2:      layout_basic, minmay_misc_feat_four_crosses
D:3:      layout_rooms, basic_ecumenical_altar, gup_sewer_entry_bowl,
          amcnicky_mini_rare_corridor_liquid
D:4:      layout_loops_corners, slow_altar_2, minmay_temple_entry_overgrown,
          st_stairs_10, kennysheep_nondescript, chequers_serial_rivers_micro_c,
          uniq_crazy_yiuf_cottage, uniq_menkaure, uniq_sigmund
D:5:      layout_basic
D:6:      layout_loops_ring, serial_aquarium, aquarium_bridge_long_separate
          [aquarium_subvault_bridge, aquarium_subvault_window,
          aquarium_subvault_wall, aquarium_subvault_wall,
          aquarium_subvault_bridge, aquarium_subvault_bridge],
          aquarium_window_corridor_2, aquarium_window_1, aquarium_view_2g,
          aquarium_view_2b, aquarium_balcony_double_2, aquarium_pool_2,
          minmay_crossroads
D:7:      layout_basic, serial_co_window_serial, co_window_paths_a,
          co_window_paths_b, co_window_paths_a, co_window_paths_a,
          co_window_corner_a, co_window_paths_b, co_window_corner_a,
          co_window_unsneaky_path_c, co_window_2corner,
          co_window_of_opportunity_b, co_window_unsneaky_path_a,
          co_window_4corner_a, glass_columns_c, glass_columns_a,
          glass_columns_b, glass_columns_a, glass_columns_a, serial_shops, shop
D:8:      layout_basic, uniq_psyche
D:9:      layout_rooms, dpeg_lair_monsters, enter_bailey_7
D:10:     layout_cave_pools, minmay_starry_boxes, uniq_nergalle, uniq_harold,
          uniq_fannar, uniq_urug
D:11:     layout_rooms, zombieorc2_lemuel, portal_ice_cave_entry_pillars_1,
          gauntlet_entry_generic, trog_hazing_becter, uniq_sonja, uniq_grum
D:12:     layout_irregular_city, serial_undead, serial_undead_f,
          serial_undead_e, serial_undead_b, serial_undead_f, serial_undead_e,
          serial_undead_c, serial_undead_f, serial_undead_d, serial_undead_e,
          serial_undead_c
D:13:     layout_roguey, kennysheep_treasure_room
D:14:     layout_basic, david_vaults_1, okawaru_ov_weapons_minmay
D:15:     hangedman_depths_entry_civil_slaughter, layout_irregular_city,
          gammafunk_ghost_spectres, amcnicky_mini_pool_small, uniq_jorgrun
Temple:   nicolae_temple_the_god_donut
Lair:1:   layout_long_grid, enter_volcano_4, serial_bayou_pond_d
Lair:2:   layout_concentric_octagons, elwin_shoals_entry_stream
Lair:3:   layout_cave_pods, guppyfry_lair_drakes, lemuel_fruit_fields,
          uniq_amaemon
Lair:4:   layout_regular_city, spider_nest_entry_a, grunt_megastairs_5
Lair:5:   layout_layer_cave, nicolae_slime_entry_slimehenge
Lair:6:   hangedman_lair_in_review, layout_loops_ring, wormcave
Shoals:1: layout_shoals, nicolae_shoals_cliffside_cave,
          nicolae_shoals_arrival_archipelago
Shoals:2: layout_shoals, ebering_ghost_reflecting_pool,
          nicolae_shoals_this_corrosion, uniq_polyphemus, uniq_donald
Shoals:3: argonaut_golden_fleece, layout_shoals,
          nicolae_shoals_beach_house_on_fowls_legs
Shoals:4: shoals_end_simple, layout_shoals, nicolae_shoals_beach_cooler
Spider:1: nicolae_spider_corner
Spider:2: layout_cave_pods
Spider:3: layout_spider_delve, uniq_asterion
Spider:4: hellmonk_spider_rune_bug_friends
Orc:1:    layout_diamond_mine, gammafunk_ghost_necromancy, basic_altar,
          lightli_church_of_beogh
Orc:2:    pubby_orc_utopia
Vaults:1: v_misc_30, st_hourglassy, v_rooms_3, nicolae_vaults_gold_heap,
          nicolae_vaults_asterisk, nicolae_vaults_little_squares_6,
          layout_vaults_quadrants

Skill      XL: |  1  2  3  4  5  6  7  8  9 10 11 12 13 14 15 16 17 18 19 |
---------------+----------------------------------------------------------+-----
Long Blades    | 3 4 5 6 7 8 11 13 14 | 14.0
Stealth        | 2 3 |  3.0
Armour         | 1 2 3 5 7 10 11 16 | 16.8
Fighting       | 4 7 10 11 15 17 18 19 | 19.1
Invocations    | 5 6 9 10 16 17 | 17.4
Shields        | 5 6 10 13 | 13.7
Evocations     | 2 4 10 | 10.0
Dodging        | |  2.6

Action                   |  1- 3 |  4- 6 |  7- 9 | 10-12 | 13-15 | 16-18 | 19-21 || total
-------------------------+-------+-------+-------+-------+-------+-------+-------++-------
Melee: Falchion          |   144 |   213 |   191 |    28 |   137 |       |       ||   713
       Punch             |     1 |     1 |     5 |    11 |    31 |       |       ||    49
       Tailslap          |       |    27 |    66 |   115 |   416 |   343 |   216 ||  1183
       Scimitar          |       |       |   282 |   580 |  1889 |   833 |       ||  3584
       Demon blade       |       |       |       |       |       |   767 |   917 ||  1684
Throw: Dart              |       |       |       |       |     3 |       |       ||     3
Invok: Lesser Servant of |       |       |     1 |       |     6 |       |       ||     7
       Greater Servant o |       |       |       |       |     1 |     1 |     1 ||     3
Evoke: Wand              |       |    10 |    13 |       |     5 |     1 |       ||    29
       Condenser vane    |       |       |       |       |     1 |     3 |     1 ||     5
  Use: Scroll            |       |    11 |    13 |     3 |    10 |    22 |     8 ||    67
       Potion            |       |     1 |     4 |     2 |     8 |    18 |     3 ||    36
 Stab: Sleeping          |     4 |       |       |    10 |    10 |       |       ||    24
       Distracted        |       |       |       |     1 |     2 |     1 |       ||     4
       Petrified         |       |       |       |       |       |    14 |       ||    14
       Invisible         |       |       |       |       |       |     8 |       ||     8
Armor: Robe              |    12 |       |       |       |       |       |       ||    12
       Scale mail        |    31 |   119 |    44 |       |       |       |       ||   194
       Leather armour    |       |       |   114 |   194 |   419 |       |       ||   727
       Ring mail         |       |       |    55 |    14 |       |       |       ||    69
       Plate armour      |       |       |       |       |   247 |       |       ||   247
       Crystal plate arm |       |       |       |       |   172 |  1224 |   520 ||  1916
Dodge: Dodged            |    85 |   119 |   221 |   267 |   819 |   431 |   258 ||  2200
Block: Other             |    19 |    45 |   121 |   233 |   691 |       |       ||  1109
       Reflection        |       |       |       |     1 |    34 |    19 |    68 ||   122
       Buckler           |       |       |       |       |   140 |   574 |       ||   714
       Kite shield       |       |       |       |       |       |   752 |   896 ||  1648

Table legend: (Time is in decaauts)
 A = Elapsed time spent in this place.
 B = Non-inter-level travel time spent in this place.
 C = Inter-level travel time spent in this place.
 D = Time resting spent in this place.
 E = Time spent auto-exploring this place.
 F = Levels seen in this place.
 G = Mean time per level.
                   A        B        C        D        E       F      G
               +--------+--------+--------+--------+--------+-----+--------+
         Total |  46499 |  44237 |   2262 |   8328 |  22980 |  38 | 1223.7 |
       Dungeon |  18118 |  16916 |   1202 |   2993 |   9562 |  15 | 1207.9 |
        Temple |    115 |     99 |     16 |      0 |      0 |   1 |  115.0 |
          Lair |   8818 |   8282 |    536 |   1210 |   5091 |   6 | 1469.7 |
        Shoals |   4978 |   4807 |    171 |    516 |   2511 |   4 | 1244.5 |
   Spider Nest |   5613 |   5335 |    278 |   1252 |   2562 |   4 | 1403.2 |
  Orcish Mines |   3703 |   3646 |     57 |    906 |   1668 |   2 | 1851.5 |
        Vaults |   1139 |   1139 |      0 |     55 |    692 |   1 | 1139.0 |
         Abyss |    451 |    451 |      0 |    171 |      0 |   1 |  451.0 |
         Sewer |   1271 |   1271 |      0 |    281 |    706 |   1 | 1271.0 |
        Bailey |    917 |    917 |      0 |    247 |    131 |   1 |  917.0 |
      Ice Cave |   1024 |   1024 |      0 |    517 |     55 |   1 | 1024.0 |
      Gauntlet |    347 |    347 |      0 |    177 |      0 |   1 |  347.0 |
               +--------+--------+--------+--------+--------+-----+--------+

Top non-repeatable levels by time:
  Lair:6: 2744 daAuts
   Orc:2: 2572 daAuts
Spider:1: 1956 daAuts
     D:9: 1939 daAuts
Spider:3: 1643 daAuts
    D:11: 1619 daAuts
  Lair:5: 1583 daAuts
     D:2: 1570 daAuts
     D:7: 1563 daAuts
     D:8: 1542 daAuts
Shoals:4: 1481 daAuts
  Lair:4: 1423 daAuts
     D:4: 1422 daAuts
    D:15: 1334 daAuts
Shoals:3: 1289 daAuts
